 Dungeon Sprint DCSS version 0.23.0 (webtiles) character file.

Game seed: 11934621955142491842

87000000 Fang the Conqueror (level 27, 249/249 HPs)
             Began as a Demonspawn Gladiator on Feb 11, 2019.
             Was the Champion of Makhleb.
             Escaped with the Orb!
             The game lasted 00:04:11 (435 turns).

Fang the Conqueror (Demonspawn Gladiator)            Turns: 435, Time: 00:04:11

Health: 249/249    AC:  6    Str: 28    XL:     27
Magic:  54/54      EV: 32    Int:  9    God:    Makhleb [******]
Gold:   0          SH:  0    Dex: 15    Spells: 80/80 levels left

rFire    + . .     SeeInvis +   l - +∞ Axe of Woe
rCold    . . .     Gourm    .   (shield currently unavailable)
rNeg     . . .     Faith    .   b - +0 leather armour
rPois    .         Spirit   .   (helmet unavailable)
rElec    .         Reflect  .   (no cloak)
rCorr    .         Harm     .   (no gloves)
MR       ++...     NoTele   +   (no boots)
Stlth    +++.......             (no amulet)
HPRegen  0.51/turn              n - ring of see invisible
MPRegen  0.34/turn              m - +30 ring of slaying

@: no status effects
A: horns 3, fire resistance 1, hurl damnation, foul stench 2, powered by death
3, rot immunity, flame cloud immunity, sanguine armour 3
0: Orb of Zot
a: Hurl Damnation, Minor Destruction, Lesser Servant of Makhleb, Major
Destruction, Greater Servant of Makhleb, Renounce Religion


You escaped.
You worshipped Makhleb.
Makhleb was exalted by your worship.
You were not hungry.

You visited 1 branch

Inventory:

Hand Weapons
 a - a +0 war axe
 l - the +∞ Axe of Woe (weapon)
   (You found it in the Dungeon)
Missiles
 d - 3 throwing nets (quivered)
Armour
 b - a +0 leather armour (worn)
 c - a +0 helmet
Jewellery
 m - a +30 ring of slaying (right hand)
 n - a ring of see invisible (left hand)
 o - a +30 ring of slaying
 p - a +30 ring of slaying
 q - a +30 ring of slaying
 r - a +30 ring of slaying
 s - a +30 ring of slaying
 t - a +30 ring of slaying
 u - an uncursed ring of protection from fire
 v - an uncursed ring of protection from fire
 w - a +30 ring of slaying
 x - a +27000 ring of slaying
 y - a +200 ring of slaying
 z - a +30 ring of slaying
 A - a +30 ring of slaying
 B - a +30 ring of slaying
 C - a +30 ring of slaying
 D - a +30 ring of slaying
Scrolls
 k - a scroll of blinking
Potions
 e - a potion of curing
 g - a potion of heal wounds
 h - a potion of haste
 i - 2 potions of magic
 j - a potion of berserk rage
Comestibles
 f - a ration


   Skills:
 O Level 27 Fighting
 O Level 27 Axes
 O Level 27 Throwing
 O Level 27 Armour
 O Level 27 Dodging
 O Level 27 Stealth
 O Level 27 Unarmed Combat
 O Level 27 Spellcasting
 O Level 27 Invocations


You had 80 spell levels left.
You didn't know any spells.
Your spell library was empty.

Dungeon Overview and Level Annotations

Branches:
Dungeon (1/1)

Altars:
Makhleb


Innate Abilities, Weirdness & Mutations

You have a pair of large horns on your head.
Your flesh is heat resistant. (rF+)
You can hurl damnation.
You frequently emit foul miasma when damaged in melee.
You regenerate a lot of health from kills.
You are immune to rotting.
You are immune to clouds of flame.
When seriously injured, your bleeding wounds create very thick armour. (AC +0)


Message History

You hear a shout! x2
You hear a shout! x2
C - a +30 ring of slaying
Things that are here:
a +9 war axe; a bag of meat skeleton You hear a shout! x2
You hear a shout! x3
You hear a shout! x6
Things that are here:
a +9 war axe; a bag of meat skeleton You hear a shout! x3
D - a +30 ring of slaying You see here a +9 war axe.
You hear a shout! x2
You see here a +9 war axe.
There is a staircase leading out of the dungeon, spattered with blood here.
You can't go down here!
Unknown command.
You hear a shout! x2
You have escaped!

.........)))))...))......))......
..#........)...)..).)....)......#
)..#........#...))).#............
))))..#.....#....)).#...........#
)))#).....###......)###...)......
.)).)))).).....###...........).##
.))..))#.....).)_)..........)))..
.....#.).....#)))).#.......#○#)..
###...).))...#_)@._#.............
#....#.......#))...#......#.#.#..
.......#.)))...._................
...............###.........#.#.#.
....))....###.......###..........
...))).))...#.......# ..........
...))))..)).#.......# ......
...#).)).........................
..#.#.#)................#...#....


There were no monsters in sight!

Vanquished Creatures
  Dispater (D)
  4 vampire knights (D)
  23 ogres (D)
  6 two-headed ogres (D)
  148 orcs (D)
182 creatures vanquished.

Notes
Turn   | Place    | Note
-------+----------+-------------------------------------------
     0 | D        | Found the +∞ Axe of Woe
     0 | D        | Fang the Demonspawn Gladiator began the quest for the Orb.
     0 | D        | Reached XP level 1. HP: 16/16 MP: 1/1
     2 | D        | Noticed a bag of meat
     4 | D        | Became a worshipper of Makhleb the Destroyer
     5 | D        | Noticed a bag of meat
     6 | D        | Noticed a bag of meat
     6 | D        | Noticed a bag of meat
     6 | D        | Noticed a bag of meat
     7 | D        | Noticed a bag of meat
     9 | D        | Noticed a bag of meat
     9 | D        | Noticed a bag of meat
    10 | D        | Noticed a bag of meat
    13 | D        | Killed a bag of meat
    13 | D        | Gained mutation: When seriously injured, your bleeding
                  | wounds create armour. (AC +0) [demonic ancestry]
    13 | D        | Reached XP level 2. HP: 43/43 MP: 2/2
    13 | D        | Reached XP level 3. HP: 49/49 MP: 3/3
    13 | D        | Reached XP level 4. HP: 56/56 MP: 4/4
    13 | D        | Reached XP level 5. HP: 62/62 MP: 5/5
    13 | D        | Gained mutation: You have a pair of small horns on your
                  | head. [demonic ancestry]
    13 | D        | Reached XP level 6. HP: 69/69 MP: 6/6
    13 | D        | Gained mutation: You are immune to rotting. [demonic
                  | ancestry]
    13 | D        | Reached XP level 7. HP: 75/75 MP: 7/7
    13 | D        | Reached XP level 8. HP: 82/82 MP: 8/8
    13 | D        | Reached XP level 9. HP: 88/88 MP: 9/9
    13 | D        | Gained mutation: You regenerate a little health from kills.
                  | [demonic ancestry]
    13 | D        | Reached XP level 10. HP: 95/95 MP: 10/10
    13 | D        | Gained mutation: You may emit foul miasma when damaged in
                  | melee. [demonic ancestry]
    13 | D        | Reached XP level 11. HP: 101/101 MP: 11/11
    13 | D        | Killed a bag of meat
    13 | D        | Reached * piety under Makhleb
    13 | D        | Reached skill level 15 in Axes
    13 | D        | Reached skill level 15 in Throwing
    13 | D        | Reached skill level 15 in Dodging
    13 | D        | Gained mutation: When seriously injured, your bleeding
                  | wounds create thick armour. (AC +0) [demonic ancestry]
    13 | D        | Reached XP level 12. HP: 113/113 MP: 12/12
    13 | D        | Killed a bag of meat
    13 | D        | Reached XP level 13. HP: 122/122 MP: 13/13
    13 | D        | Noticed a bag of meat
    14 | D        | Killed a bag of meat
    14 | D        | Reached XP level 14. HP: 103/133 MP: 14/14
    14 | D        | Killed a bag of meat
    14 | D        | Reached ** piety under Makhleb
    14 | D        | Killed a bag of meat
    14 | D        | Gained mutation: You have a pair of horns on your head.
                  | [demonic ancestry]
    14 | D        | Reached XP level 15. HP: 112/144 MP: 15/15
    16 | D        | Reached *** piety under Makhleb
    17 | D        | Reached XP level 16. HP: 157/157 MP: 16/16
    25 | D        | Noticed a meat berserker
    29 | D        | Killed a meat berserker
    29 | D        | Reached **** piety under Makhleb
    29 | D        | Gained mutation: When seriously injured, your bleeding
                  | wounds create very thick armour. (AC +0) [demonic ancestry]
    29 | D        | Reached XP level 17. HP: 169/169 MP: 17/17
    32 | D        | Noticed a large bag of meat
    33 | D        | Reached skill level 27 in Fighting
    37 | D        | Killed a large bag of meat
    37 | D        | Reached ***** piety under Makhleb
    37 | D        | Reached XP level 18. HP: 130/182 MP: 18/18
    37 | D        | Reached skill level 27 in Axes
    37 | D        | Reached skill level 27 in Throwing
    37 | D        | Reached skill level 27 in Dodging
    37 | D        | Reached skill level 5 in Armour
    37 | D        | Reached skill level 5 in Stealth
    37 | D        | Reached skill level 5 in Unarmed Combat
    37 | D        | Reached skill level 5 in Spellcasting
    39 | D        | Noticed a meat berserker
    40 | D        | Reached skill level 10 in Armour
    40 | D        | Reached skill level 10 in Unarmed Combat
    40 | D        | Reached skill level 10 in Spellcasting
    42 | D        | Killed a meat berserker
    42 | D        | Gained mutation: You regenerate health from kills. [demonic
                  | ancestry]
    42 | D        | Reached XP level 19. HP: 189/189 MP: 19/36
    42 | D        | Reached skill level 15 in Stealth
    42 | D        | Noticed a meat berserker
    44 | D        | Reached ****** piety under Makhleb
    44 | D        | Reached skill level 15 in Armour
    44 | D        | Reached skill level 15 in Unarmed Combat
    44 | D        | Reached skill level 15 in Spellcasting
    45 | D        | Noticed a meat berserker
    46 | D        | Gained mutation: You have a pair of large horns on your
                  | head. [demonic ancestry]
    46 | D        | Reached XP level 20. HP: 197/197 MP: 19/40
    47 | D        | Noticed a large bag of meat
    49 | D        | Killed a meat berserker
    50 | D        | Killed a meat berserker
    50 | D        | Reached skill level 27 in Invocations
    50 | D        | Gained mutation: Your flesh is heat resistant. (rF+)
                  | [demonic ancestry]
    50 | D        | Reached XP level 21. HP: 204/204 MP: 20/46
    52 | D        | Gained mutation: You are immune to clouds of flame.
                  | [demonic ancestry]
    52 | D        | Reached XP level 22. HP: 212/212 MP: 21/50
    53 | D        | Reached skill level 27 in Stealth
    54 | D        | Killed a large bag of meat
    54 | D        | Reached skill level 27 in Armour
    54 | D        | Reached skill level 27 in Unarmed Combat
    54 | D        | Reached skill level 27 in Spellcasting
    55 | D        | Noticed a destroyer
    58 | D        | Gained mutation: You regenerate a lot of health from kills.
                  | [demonic ancestry]
    58 | D        | Reached XP level 23. HP: 219/219 MP: 22/54
    62 | D        | Killed a destroyer
    62 | D        | Gained mutation: You frequently emit foul miasma when
                  | damaged in melee. [demonic ancestry]
    62 | D        | Reached XP level 24. HP: 227/227 MP: 23/54
    68 | D        | Gained mutation: You can hurl damnation. [demonic ancestry]
    68 | D        | Reached XP level 25. HP: 234/234 MP: 24/54
    82 | D        | Reached XP level 26. HP: 226/242 MP: 29/54
    94 | D        | Noticed a destroyer
    97 | D        | Killed a destroyer
    97 | D        | Reached XP level 27. HP: 249/249 MP: 33/54
   110 | D        | Noticed a large bag of meat
   119 | D        | Killed a large bag of meat
   222 | D        | Noticed a large bag of meat
   226 | D        | Killed a large bag of meat
   228 | D        | Noticed a destroyer
   232 | D        | Killed a destroyer
   253 | D        | Noticed a destroyer
   257 | D        | Noticed a large bag of meat
   257 | D        | Killed a destroyer
   263 | D        | Killed a large bag of meat
   330 | D        | Noticed a large bag of meat
   372 | D        | Killed a large bag of meat
   403 | D        | Noticed The Meatlord
   411 | D        | Killed The Meatlord
   412 | D        | Got the Orb of Zot
   435 | D        | Escaped with the Orb!

Skill      XL: |  1  2  3  4  5  6  7  8  9 10 11 12 13 14 15 16 17 18 19 20 21 22 |
---------------+-------------------------------------------------------------------+-----
Fighting       | 14 16 18 19 21 23 25 27 | 27.0
Axes           | 13 15 17 18 19 21 23 26 27 | 27.0
Throwing       | 13 15 16 18 19 21 23 26 27 | 27.0
Dodging        | 13 15 17 18 19 22 23 26 27 | 27.0
Armour         | 13 16 21 24 27 | 27.0
Stealth        | 14 18 23 26 27 | 27.0
Unarmed Combat | 13 16 21 24 27 | 27.0
Spellcasting   | 13 16 21 24 27 | 27.0
Invocations    | 17 22 27 | 27.0

Action                   |  1- 3 |  4- 6 |  7- 9 | 10-12 | 13-15 | 16-18 | 19-21 | 22-24 | 25-27 || total
-------------------------+-------+-------+-------+-------+-------+-------+-------+-------+-------++-------
Melee: Executioner's axe |     1 |       |       |       |     4 |     8 |     7 |    15 |    90 ||   125
Armor: Leather armour    |       |       |       |       |       |       |       |       |     1 ||     1
Dodge: Dodged            |       |       |       |       |       |     1 |       |       |    16 ||    17
